 Dungeon Crawl Stone Soup version 0.20.1-1-g8b1a95d (webtiles) character file.

157404 galech the Wrestler (level 17, -1/161 HPs)
             Began as a Troll Monk on Aug 22, 2017.
             Was the Champion of Okawaru.
             Slain by a seven-headed hydra (14 damage)
             ... on level 4 of the Swamp.
             The game lasted 01:22:55 (29478 turns).

galech the Wrestler (Troll Monk)                   Turns: 29478, Time: 01:22:56

Health: -1/161     AC: 19    Str: 30    XL:     17   Next: 12%
Magic:  0/18       EV: 16    Int:  9    God:    Okawaru [******]
Gold:   2239       SH:  0    Dex: 12    Spells: 16/16 levels left

rFire    . . .     SeeInvis .     - Unarmed
rCold    + + +     Gourm    +   (no shield)
rNeg     . . .     Faith    .   G - +4 skin of Zhor {rC+++}
rPois    +         Spirit   +   X - +2 hat {Int+3}
rElec    .         Reflect  .   M - +2 cloak {rPois}
rCorr    .         Harm     .   (gloves unavailable)
MR       +....                  (boots unavailable)
Stlth    +++.......             D - amulet of guardian spirit
Regen    0.8/turn               e - +2 ring of strength
MPRegen  0.2/turn               V - +5 ring of protection

@: drained
A: unfitting armour, claws 3, fast metabolism 3, gourmand, regeneration 1,
shaggy fur 1, tough skin 2
a: Heroism, Finesse, Renounce Religion


You were on level 4 of the Swamp.
You worshipped Okawaru.
Okawaru was exalted by your worship.
You were full.

You visited 5 branches of the dungeon, and saw 28 of its levels.
You visited 1 bazaar.
You also visited: Labyrinth and Ice Cave.

You collected 2748 gold pieces.
You spent 509 gold pieces at shops.

Inventory:

Hand Weapons
 y - the +5 hunting sling "Lili" {freeze, rElec Dex+4}
   (You found it on level 6 of the Lair of Beasts)

   It causes projectiles fired from it to freeze those they strike, causing
   extra injury to most foes and up to half again as much damage against
   particularly susceptible opponents.
   They can also slow down cold-blooded creatures.
   It affects your dexterity (+4).
   It insulates you from electricity.
 Z - the +8 longbow "Zephyr" {speed, Dex+3 SInv}
   (You took it off a minotaur in a labyrinth)

   Attacks with this weapon are significantly faster.
   It affects your dexterity (+3).
   It lets you see invisible.
Armour
 f - a +1 cloak of magic resistance
 o - a +0 troll leather armour
 u - the +2 ice dragon scales "Lixtarev" {rElec rF- rC++ Regen+ Str-2 Dex+4, unknown}
   (Okawaru gifted it to you on level 4 of the Swamp)

   It affects your strength (-2).
   It affects your dexterity (+4).
   It makes you vulnerable to fire.
   It greatly protects you from cold.
   It insulates you from electricity.
   It increases your rate of regeneration.
 G - the +4 skin of Zhor (worn) {rC+++}
   (Okawaru gifted it to you on level 15 of the Dungeon)

   It renders you almost immune to cold.
 H - a +2 robe of fire resistance
 M - a +2 cloak of poison resistance (worn)
 U - a +2 robe of positive energy
 X - a +2 hat of intelligence (worn)
 Y - a +1 robe of magic resistance
Jewellery
 e - a +2 ring of strength (left claw)
 i - an uncursed ring of poison resistance
 l - an uncursed amulet of regeneration
 x - an uncursed ring of flight
 D - an amulet of guardian spirit (around neck)
 F - an uncursed ring of protection from fire
 I - an uncursed ring of resist corrosion
 V - a +5 ring of protection (right claw)
Wands
 B - a wand of iceblast (7/15)
 J - a wand of digging (14/24)
 T - a wand of polymorph (11/24)
 W - a wand of flame (25/48)
Scrolls
 g - 6 scrolls of enchant armour
 j - 12 scrolls of remove curse
 k - 5 scrolls of recharging
 m - 3 scrolls of teleportation
 A - 2 scrolls of amnesia
 Q - 2 scrolls of summoning
 R - 2 scrolls of holy word
 S - a scroll of fear
Potions
 c - 3 potions of mutation
 d - 10 potions of curing
 h - 2 potions of resistance
 n - a potion of magic
 p - 8 potions of agility {unknown}
 q - 16 potions of heal wounds
 s - 4 potions of lignification {unknown}
 t - 2 potions of invisibility {unknown}
 w - a potion of cancellation
 C - 7 potions of haste {unknown}
 E - 3 potions of brilliance {unknown}
 K - 2 potions of berserk rage
 L - a potion of flight
 N - 5 potions of might
 P - a potion of ambrosia
Miscellaneous
 a - a box of beasts
Comestibles
 b - 4 bread rations
 r - 8 meat rations
 z - 30 fruits
 O - 2 royal jellies


   Skills:
 + Level 8.4(8.1) Fighting
 + Level 0.1(0.0) Armour
 + Level 12.1(11.7) Dodging
 + Level 6.7(6.4) Stealth
 + Level 22.3(21.8) Unarmed Combat
 + Level 3.1(2.8) Invocations


You had 16 spell levels left.
You didn't know any spells.

Dungeon Overview and Level Annotations

Branches:
Dungeon (15/15)            Temple (1/1) D:5            Lair (6/6) D:9
  Swamp (4/4) Lair:2       Spider (0/4) Lair:3        Slime (0/5) Lair:5
    Orc (2/2) D:12            Elf (0/3) Orc:2        Vaults (0/5) D:13
 Depths (0/5) D:15

Altars:
Elyvilon
Fedhas
Gozag
Nemelex Xobeh
Okawaru
Qazlal
Ru
Sif Muna
Trog
The Shining One
Beogh

Shops:
D:6 %   D:7 (   D:12 !   Orc:2 ([[!


Innate Abilities, Weirdness & Mutations

You are too large for most types of armour.
You have claws for hands.
Your metabolism is lightning-fast.
You like to eat raw meat.
Your natural rate of healing is unusually fast.
You are covered in fur. (AC +1)
You have very tough skin. (AC +2)


Message History

The seven-headed hydra bites you!
* * * LOW HITPOINT WARNING * * *
The seven-headed hydra bites you but does no damage.
The alligator misses you. The alligator barely misses you.
You enter the shallow water.
Moving in this stuff is going to be slow.
The alligator bites you.
* * * LOW HITPOINT WARNING * * *
The alligator misses you.
The alligator bites you but does no damage.
The alligator closely misses you.
The seven-headed hydra bites you but does no damage.
The seven-headed hydra bites you!
* * * LOW HITPOINT WARNING * * *
The seven-headed hydra bites you.
* * * LOW HITPOINT WARNING * * *
The seven-headed hydra barely misses you.
The seven-headed hydra bites you but does no damage.
The seven-headed hydra misses you. The seven-headed hydra bites you!
You die...

♣♣♣♣♣♣♣♣≈≈≈≈≈≈ ♣♣.≈.≈≈≈≈≈≈
♣♣ ♣≈≈..≈≈≈≈≈≈ .♣≈♣♣♣♣♣♣
♣≈≈≈♣♣♣.≈≈≈ .≈.≈....≈
♣♣♣≈♣♣♣♣≈≈≈ ..≈.≈≈≈.♣
♣♣♣♣♣♣.≈≈≈♣♣≈≈≈≈ §..
.≈.≈≈≈.♣♣♣≈)≈♣♣.....♣♣.≈≈
.≈.
♣≈≈≈≈.♣♣≈...≈♣...≈.♣♣♣♣♣
.♣.. ♣.≈≈≈t@♣.≈≈§..≈≈≈.≈♣
≈≈... ♣♣.≈≈≈D.≈♣≈≈≈≈.≈≈≈..♣
.≈.≈≈♣♣....≈.≈♣♣≈≈≈§......♣
#§.≈....≈≈≈≈♣♣♣♣.≈.≈.≈♣♣
#♣#.:..≈≈≈≈.♣≈.§..≈≈.♣♣
##†≈≈≈≈≈≈.♣..≈§♣.≈♣♣♣♣ .
##..≈≈≈≈.♣♣♣♣♣≈...<≈♣♣♣≈
.♣#≈§.≈≈≈.≈♣.≈≈≈≈≈≈≈≈..♣
...≈.≈≈≈≈.♣♣≈≈≈≈..≈≈≈≈♣♣


You could see an alligator and a seven-headed hydra.

Vanquished Creatures
  A tentacled monstrosity (Swamp:3)
  Rupert (D:15)
  A thorn hunter (Swamp:4)
  The ghost of fili the Warrior, a journeyman MiBe of Trog (Orc:2)
  An orc warlord (Orc:2)
  A blizzard demon (IceCv)
  Snorg (D:13)
  An ettin (D:15)
  A minotaur (Lab)
  A fire dragon (Lair:6)
  Josephine (Swamp:1)
  A rakshasa (D:13)
  Erolcha (D:13)
  2 ghost crabs
  27 hydras
  8 vault guards
  9 two-headed ogres
  A catoblepas (Lair:5)
  4 centaur warriors (D:15)
  3 death yaks
  7 alligators
  2 tengu warriors (D:15)
  2 orc high priests (Orc:2)
  A deep elf knight (D:15)
  3 skeletal warriors (D:15)
  2 spriggan druids
  2 shambling mangroves
  Pikel (D:8)
  12 swamp dragons
  4 lindwurms
  A wizard (D:15)
  7 orc sorcerers
  3 orc knights
  An oklob plant (Lair:2)
  3 cyclopes
  6 ugly things
  A deep elf mage (D:14)
  6 manticores
  13 slime creatures
  24 elephants
  Maurice (Orc:1)
  5 centaur zombies
  15 spiny frogs
  2 ice statues (IceCv)
  7 black mambas
  2 molten gargoyles (Lair:6)
  3 gargoyles
  3 kobold demonologists (D:15)
  10 komodo dragons
  2 rime drakes (Lair:5)
  2 queen bees
  12 ice devils (IceCv)
  A tengu conjurer (D:15)
  2 meliai (Lair:5)
  8 trolls
  4 hornets
  The ghost of vineage the Chopper, an amateur DsGl (D:4)
  20 blink frogs
  A queen bee (shapeshifter) (D:14)
  4 tyrant leeches
  4 bog bodies
  13 hippogriffs
  Sigmund (D:6)
  2 shadows (Swamp:3)
  2 redbacks (Lair:3)
  8 wyverns
  39 yaks
  A water elemental (D:15)
  5 wraiths
  10 vampire mosquitoes
  7 basilisks
  A steam dragon (Lair:6)
  7 hungry ghosts
  Eustachio (D:6)
  The ghost of vineage the Chopper, an amateur DsGl of Okawaru (D:3)
  Menkaure (D:5)
  2 wargs (Orc:2)
  2 acid dragons
  21 swamp worms
  13 insubstantial wisps
  7 water moccasins
  9 porcupines
  5 hell hounds (Lair:6)
  A sky beast (D:15)
  7 black bears
  A hornet zombie (D:15)
  38 orc warriors
  8 swamp drakes
  6 ice beasts
  2 phantoms
  2 eyes of draining
  15 ogres
  16 wolves
  5 boggarts (D:14)
  17 centaurs
  6 crocodiles
  23 bullfrogs
  2 gnoll sergeants
  8 scorpions
  54 killer bees
  4 electric eels
  A bullfrog zombie (D:5)
  8 lava snakes
  7 crimson imps
  3 hounds
  2 quasits
  5 centaur skeletons
  6 jellies
  20 orc priests
  5 bullfrog skeletons
  A gnoll shaman (D:9)
  29 orc wizards
  Jessica (D:2)
  6 iguanas
  Natasha (thrice) (D:3)
  A hell rat (Lair:5)
  12 worker ants
  2 hound zombies
  A hound skeleton (D:7)
  A worker ant zombie (D:10)
  16 gnolls
  12 adders
  5 shadow imps
  10 white imps (IceCv)
  4 ufetubi (IceCv)
  5 oozes
  2 adder zombies
  A worm (D:3)
  7 leopard geckos
  119 orcs
  7 giant cockroaches
  6 goblins
  3 hobgoblins
  15 jackals
  6 quokkas
  9 bats
  3 frilled lizards
  A jackal skeleton (D:5)
  A jackal zombie (D:5)
  16 kobolds
  5 rats
  A plant (Lair:2)
1018 creatures vanquished.

Vanquished Creatures (others)
  A blink frog (Swamp:4)
  A swamp drake (Swamp:4)
  A slave (D:9)
  An orc priest (D:9)
  An orc wizard (Orc:2)
  2 white imps (IceCv)
  3 ufetubi (IceCv)
  3 orcs
  19 fungi
  27 plants
59 creatures vanquished.

Grand Total: 1077 creatures vanquished

Notes
Turn   | Place    | Note
-------+----------+-------------------------------------------
     0 | D:1      | galech the Troll Monk began the quest for the Orb.
     0 | D:1      | Reached XP level 1. HP: 22/22 MP: 0/0
    50 | D:1      | Reached XP level 2. HP: 8/29 MP: 1/1
   465 | D:2      | Noticed Jessica
   469 | D:2      | Reached XP level 3. HP: 36/36 MP: 2/2
   510 | D:2      | Killed Jessica
   510 | D:2      | Reached skill level 4 in Unarmed Combat
   558 | D:2      | Reached XP level 4. HP: 44/44 MP: 3/3
  1126 | D:3      | Noticed vineage's ghost (amateur DsGl)
  1144 | D:3      | Killed vineage's ghost
  1144 | D:3      | Reached skill level 5 in Unarmed Combat
  1144 | D:3      | Reached XP level 5. HP: 52/52 MP: 4/4
  1172 | D:3      | Reached XP level 6. HP: 59/59 MP: 5/5
  1202 | D:3      | Noticed Natasha
  1210 | D:3      | Killed Natasha
  1366 | D:3      | Noticed Natasha
  1371 | D:3      | Killed Natasha
  1371 | D:3      | Reached skill level 6 in Unarmed Combat
  1482 | D:3      | Noticed Natasha
  1490 | D:3      | Killed Natasha
  1618 | D:4      | Reached XP level 7. HP: 62/66 MP: 6/6
  1814 | D:4      | Found an opulent altar of Gozag.
  1927 | D:4      | Reached skill level 7 in Unarmed Combat
  2080 | D:4      | Noticed vineage's ghost (amateur DsGl)
  2095 | D:4      | Killed vineage's ghost
  2095 | D:4      | Reached XP level 8. HP: 56/75 MP: 7/7
  2226 | D:4      | Reached skill level 8 in Unarmed Combat
  2349 | D:5      | Entered Level 5 of the Dungeon
  2445 | D:5      | Noticed Menkaure
  2454 | D:5      | Killed Menkaure
  2572 | D:5      | Found a staircase to the Ecumenical Temple.
  2654 | Temple   | Entered the Ecumenical Temple
  2666 | Temple   | Became a worshipper of Warmaster Okawaru
  2666 | Temple   | Reached * piety under Okawaru
  2666 | Temple   | Reached ** piety under Okawaru
  2796 | D:5      | Reached skill level 5 in Dodging
  2905 | D:5      | Reached skill level 9 in Unarmed Combat
  3038 | D:6      | Found Riji's Food Shop.
  3126 | D:6      | Noticed Sigmund
  3133 | D:6      | Killed Sigmund
  3181 | D:6      | Reached XP level 9. HP: 71/83 MP: 8/8
  3261 | D:6      | Noticed Eustachio
  3269 | D:6      | Killed Eustachio
  3405 | D:6      | Reached *** piety under Okawaru
  3807 | D:7      | Reached skill level 10 in Unarmed Combat
  3871 | D:7      | Found a sparkling altar of Nemelex Xobeh.
  4193 | D:7      | Found Jiraib's Antique Weapon Boutique.
  4332 | D:7      | Reached skill level 11 in Unarmed Combat
  4506 | D:8      | Reached **** piety under Okawaru
  4797 | D:8      | Reached XP level 10. HP: 76/92 MP: 9/9
  5065 | D:9      | Noticed a two-headed ogre
  5077 | D:8      | Killed a two-headed ogre
  5181 | D:9      | Reached skill level 12 in Unarmed Combat
  5287 | D:9      | Noticed Pikel
  5299 | D:8      | Killed Pikel
  5299 | D:8      | Reached ***** piety under Okawaru
  5652 | D:9      | HP: 4/94 [wolf (4)]
  5954 | D:9      | Found a staircase to the Lair.
  6043 | D:9      | Received a gift from Okawaru
  6043 | D:9      | Reached skill level 13 in Unarmed Combat
  6494 | D:10     | Entered Level 10 of the Dungeon
  6598 | D:10     | Reached XP level 11. HP: 99/101 MP: 10/10
  6612 | D:10     | Received a gift from Okawaru
  6647 | D:10     | HP: 4/101 [killer bee (12)]
  7320 | Lair:1   | Entered Level 1 of the Lair of Beasts
  7322 | Lair:1   | Noticed a seven-headed hydra
  7888 | D:11     | Noticed a two-headed ogre
  7895 | D:11     | Killed a two-headed ogre
  8447 | D:12     | Reached skill level 5 in Fighting
  8447 | D:12     | Reached skill level 14 in Unarmed Combat
  8689 | D:12     | Found a stormy altar of Qazlal.
  8788 | D:12     | Found a staircase to the Orcish Mines.
  8917 | D:12     | Found Omihub's Distillery.
  8995 | D:12     | Noticed a four-headed hydra
  9048 | Orc:1    | Entered Level 1 of the Orcish Mines
  9233 | D:12     | Killed a seven-headed hydra
  9537 | D:12     | Reached ****** piety under Okawaru
  9826 | Lair:1   | HP: 1/104 [blink frog (13)]
  9992 | Lair:2   | Reached XP level 12. HP: 111/111 MP: 11/11
 10122 | Lair:2   | Noticed a five-headed hydra
 10125 | Lair:2   | Killed a seven-headed hydra
 10125 | Lair:2   | Received a gift from Okawaru
 10265 | Lair:2   | Reached skill level 15 in Unarmed Combat
 10265 | Lair:2   | Reached skill level 1 in Invocations
 10440 | Lair:2   | HP: 4/111 [spiny frog (6)]
 10601 | Lair:2   | Noticed a five-headed hydra
 10608 | Lair:2   | Killed a nine-headed hydra
 10697 | Lair:2   | Reached skill level 5 in Stealth
 10751 | Lair:2   | Reached skill level 16 in Unarmed Combat
 11276 | Lair:2   | Received a gift from Okawaru
 11513 | Lair:2   | Found a staircase to the Swamp.
 11552 | Lair:2   | Received a gift from Okawaru
 11722 | Lair:1   | Killed a 15-headed hydra
 11722 | Lair:1   | Reached XP level 13. HP: 26/120 MP: 10/13
 12811 | Lair:3   | Found a labyrinth entrance.
 12820 | Lab      | Entered a labyrinth
 13283 | Lab      | Found an exit through the horrors of the Abyss.
 13782 | Lab      | Noticed a minotaur
 13788 | Lab      | Killed a minotaur
 13815 | Lab      | Identified the Incunabulum of the Rocks
 14120 | Lair:3   | Found a hole to the Spider Nest.
 14326 | Lair:3   | Reached skill level 17 in Unarmed Combat
 15501 | Lair:5   | Received a gift from Okawaru
 15568 | Lair:5   | Found a staircase to the Slime Pits.
 16353 | Lair:5   | Reached XP level 14. HP: 104/131 MP: 14/14
 16526 | Lair:5   | Reached skill level 18 in Unarmed Combat
 16726 | Lair:6   | Entered Level 6 of the Lair of Beasts
 17599 | Lair:6   | Received a gift from Okawaru
 17599 | Lair:6   | Reached skill level 10 in Dodging
 17603 | Lair:6   | Got a wizard robe {god gift}
 17616 | Lair:6   | Identified the +2 robe of the Barnacle {rN+ MR+ Slay-6 Stlth+} (Okawaru gifted it to you on level 6 of the Lair of Beasts)
 17684 | Lair:6   | Found a large runed door.
 17685 | Lair:6   | Found a large runed door.
 17908 | Lair:6   | Got an encrusted hunting sling
 17914 | Lair:6   | Identified the +5 hunting sling "Lili" {freeze, rElec Dex+4} (You found it on level 6 of the Lair of Beasts)
 18562 | Orc:1    | Noticed Maurice
 18629 | Orc:1    | Killed Maurice
 18986 | Orc:2    | Entered Level 2 of the Orcish Mines
 19041 | Orc:2    | Found a roughly hewn altar of Beogh.
 19053 | Orc:2    | Reached skill level 19 in Unarmed Combat
 19054 | Orc:2    | Found Toyczigyxyu's Antique Armour Boutique.
 19100 | Orc:2    | Found a flickering gateway to a bazaar.
 19105 | Bazaar   | Entered a bazaar
 19137 | Bazaar   | Found Xubeff's Book Shoppe.
 19146 | Bazaar   | Found Wipp's Gadget Shop.
 19160 | Bazaar   | Found Qeredghor's Weapon Emporium.
 19175 | Bazaar   | Found Qutell's Gadget Shop.
 19195 | Bazaar   | Found Syih's Distillery.
 19254 | Bazaar   | Bought a potion of heal wounds for 65 gold pieces
 19254 | Bazaar   | Bought a potion of heal wounds for 65 gold pieces
 19254 | Bazaar   | Bought a potion of heal wounds for 65 gold pieces
 19254 | Bazaar   | Bought a potion of cancellation for 104 gold pieces
 19358 | Orc:2    | Noticed fili's ghost (journeyman MiBe)
 19371 | Orc:2    | Killed fili's ghost
 19580 | Orc:2    | Found a roughly hewn altar of Beogh.
 19686 | Orc:2    | Found a staircase to the Elven Halls.
 19892 | Orc:2    | Found a roughly hewn altar of Beogh.
 19906 | Orc:2    | Found Miegef's Distillery.
 19927 | Orc:2    | Bought a potion of heal wounds for 70 gold pieces
 19927 | Orc:2    | Bought a potion of heal wounds for 70 gold pieces
 19927 | Orc:2    | Bought a potion of heal wounds for 70 gold pieces
 19987 | Orc:2    | Found a roughly hewn altar of Beogh.
 20029 | Orc:2    | Found a roughly hewn altar of Beogh.
 20323 | Orc:2    | Noticed an orc warlord
 20345 | Orc:2    | Killed an orc warlord
 20345 | Orc:2    | Received a gift from Okawaru
 20353 | Orc:2    | Reached XP level 15. HP: 97/140 MP: 15/15
 20419 | Orc:2    | Found Xinuahir's Antique Weapon Boutique.
 20420 | Orc:2    | Found a roughly hewn altar of Beogh.
 20421 | Orc:2    | Found Kufesule's Antique Armour Shop.
 20793 | D:13     | Noticed Erolcha
 20799 | D:13     | Killed Erolcha
 20844 | D:13     | Noticed Snorg
 20865 | D:13     | Killed Snorg
 20984 | D:13     | Found a gate to the Vaults.
 21069 | D:13     | Reached skill level 20 in Unarmed Combat
 21082 | D:12     | Received a gift from Okawaru
 21379 | D:13     | HP: 3/140 [13-headed hydra (5)]
 22800 | D:15     | Entered Level 15 of the Dungeon
 23589 | D:15     | Received a gift from Okawaru
 23693 | D:15     | Found a staircase to the Depths.
 23907 | D:15     | Noticed Rupert
 23924 | D:15     | Killed Rupert
 23924 | D:15     | Reached XP level 16. HP: 47/150 MP: 13/16
 24287 | D:15     | Reached skill level 21 in Unarmed Combat
 25116 | Swamp:1  | Entered Level 1 of the Swamp
 25152 | Swamp:1  | Noticed Josephine
 25165 | Swamp:1  | Killed Josephine
 25302 | Swamp:1  | Found a sacrificial altar of Ru.
 26005 | Swamp:2  | Received a gift from Okawaru
 26029 | Swamp:2  | Found a frozen archway.
 26041 | IceCv    | Entered an ice cave
 27373 | Swamp:3  | Noticed a tentacled monstrosity
 27384 | Swamp:3  | Killed a tentacled monstrosity
 28093 | Swamp:4  | Entered Level 4 of the Swamp
 28353 | Swamp:4  | Noticed a thorn hunter
 28364 | Swamp:4  | Killed a thorn hunter
 28364 | Swamp:4  | Received a gift from Okawaru
 28364 | Swamp:4  | Reached skill level 22 in Unarmed Combat
 29156 | Swamp:4  | Reached XP level 17. HP: 161/161 MP: 15/18
 29443 | Swamp:4  | Received a gift from Okawaru
 29451 | Swamp:4  | Got jacinth-studded ice dragon scales {god gift}
 29478 | Swamp:4  | Slain by a seven-headed hydra

Skill      XL: |  1  2  3  4  5  6  7  8  9 10 11 12 13 14 15 16 |
---------------+-------------------------------------------------+-----
Dodging        | 3 4 5 6 7 8 9 10 11 12 | 12.1
Unarmed Combat | 4 5 6 7 9 11 13 14 16 17 19 20 22 | 22.3
Stealth        | 2 3 4 5 6 |  6.7
Fighting       | 3 4 5 6 7 8 |  8.4
Invocations    | 1 2 3 |  3.1
Armour         | |  0.1

Action                   |  1- 3 |  4- 6 |  7- 9 | 10-12 | 13-15 | 16-18 || total
-------------------------+-------+-------+-------+-------+-------+-------++-------
Melee: Unarmed           |    82 |   141 |   234 |   638 |  1358 |   534 ||  2987
       Punch             |     3 |     3 |     8 |    53 |   144 |    77 ||   288
       Longbow           |       |       |       |       |     6 |       ||     6
Invok: Heroism           |       |       |       |     9 |    18 |    17 ||    44
  Use: Scroll            |       |       |       |    16 |    12 |    10 ||    38
       Potion            |       |       |       |       |     1 |     2 ||     3
 Stab: Sleeping          |       |     3 |    10 |     7 |    23 |     6 ||    49
       Distracted        |       |       |       |     2 |     6 |     1 ||     9
  Eat: Chunk             |     8 |    13 |    28 |    81 |   107 |    40 ||   277
       Bread ration      |       |       |       |       |     2 |     2 ||     4
Armor: Robe              |    41 |    49 |    42 |   187 |   165 |       ||   484
       Steam dragon scal |       |       |       |       |   237 |       ||   237
       Skin              |       |       |       |       |     1 |       ||     1
       Animal skin       |       |       |       |       |    16 |   300 ||   316
       Troll leather arm |       |       |       |       |     3 |       ||     3
Dodge: Dodged            |    65 |    88 |   124 |   413 |   854 |   548 ||  2092
